 Dungeon Crawl Stone Soup version 0.31-a0-920-g28cbb04a8c (webtiles) character file.

Game seed: 16350496612492947809

270 omnomnOMINOUS the Trooper (level 6, -8/44 HPs)
             Began as an Octopode Wanderer on Oct 17, 2023.
             Was an Elder of Jiyva.
             Killed by an exploding water moccasin (41 damage)
             ... ignited by their inner flame
             ... on level 5 of the Dungeon.
             The game lasted 00:08:26 (2705 turns).

omnomnOMINOUS the Trooper (Octopode Wanderer)       Turns: 2705, Time: 00:08:27

Health: -8/44      AC:  1    Str: 11    XL:     6   Next: 22%
Magic:  9/9        EV: 13    Int: 16    God:    Jiyva [****..]
Gold:   103        SH:  0    Dex: 12    Spells: 4/9 levels left

rFire   . . .        a - +3 spear (venom)
rCold   . . .        (no shield)
rNeg    . . .        (helmet restricted)
rPois   .            (no amulet)
rElec   .            (no ring)
rCorr   +            (no ring)
SInv    .            (no ring)
Will    .....        (no ring)
Stlth   ++           (no ring)
HPRegen 1.55/turn    (no ring)
MPRegen 0.51/turn    (no ring)
                     (no ring)

%: no passive effects
@: brilliant
A: almost no armour, amphibious, 8 rings, camouflage 1, gelatinous body 1,
(nimble swimmer 1), tentacles
a: Renounce Religion, Oozemancy, Slimify


You were on level 5 of the Dungeon.
You worshipped Jiyva.
Jiyva was greatly pleased with you.
You visited 2 branches of the dungeon, and saw 6 of its levels.

You collected 103 gold pieces.

Inventory:

Hand Weapons
 a - a +3 spear of venom (weapon)
 b - a +2 rapier of protection
 c - a +0 trident
Wands
 i - a wand of polymorph (5)
Scrolls
 k - a scroll of poison {unknown}
 l - a scroll of blinking {unknown}
 n - a scroll of enchant armour {unknown}
 p - 2 scrolls of identify {unknown}
 r - 2 scrolls of teleportation {unknown}
Potions
 d - 2 potions of ambrosia
 g - a potion of degeneration {unknown}
 h - a potion of haste {unknown}
 m - a potion of curing
 o - 2 potions of brilliance
 q - a potion of heal wounds {unknown}
 s - a potion of cancellation {unknown}
 u - a potion of magic {unknown}


   Skills:
 + Level 4.7 Fighting
 + Level 3.9 Polearms
 + Level 2.2 Dodging
 + Level 2.4 Spellcasting
 + Level 1.2 Conjurations
 + Level 3.2 Earth Magic


You had 4 spell levels left.
You knew the following spells:

 Your Spells              Type           Power      Damage    Failure   Level
a - Sandblast             Erth           36%        2d10      5%          1
b - Stone Arrow           Conj/Erth      26%        3d8       24%         3
c - Apportation           Tloc           4%         N/A       21%         1

Your spell library contained the following spells:

 Spells                   Type           Power      Damage    Failure   Level
 Necrotise                Necr           8%         1d4       21%         1
 Summon Small Mammal      Summ           8%         N/A       21%         1
 Manifold Assault         Tloc           2%         N/A       89%         4
 Dispersal                Tloc           1%         N/A       100%        6
 Disjunction              Tloc           1%         N/A       100%        8


Dungeon Overview and Level Annotations

Branches:
Dungeon (5/15)             Temple (1/1) D:4

Altars:
Ashenzari
Dithmenos
Elyvilon
Gozag
Hepliaklqana
Nemelex Xobeh
Okawaru
Qazlal
Sif Muna
Trog
Vehumet
Wu Jian
Xom
Yredelemnul
The Shining One
Jiyva


Innate Abilities, Weirdness & Mutations

You cannot wear most types of armour.
You are amphibious.
You can wear up to eight rings at the same time.
Your skin changes colour to match your surroundings (Stealth+).
Your rubbery body absorbs attacks. (AC +1, EV +1)
((You are camouflaged when in or above water. (Stealth+)))
You have tentacles for arms and can constrict up to eight enemies at once.


Message History

* * * LOW HITPOINT WARNING * * *
You're too confused to cast spells.
It was a potion of curing.
You feel better.
You feel less invigorated. The ice beast barely misses you.
As you read the scroll of fear, it crumbles to dust.
You assume a fearsome visage.
The ice beast looks frightened!
The adder looks frightened!
You start resting.
A water moccasin comes into view.
As you read the scroll labelled JAOMABA ATZINWE, it crumbles to dust.
It is a scroll of amnesia.
Okay, then.
The water moccasin hisses angrily.
As you read the scroll labelled QORUNT XEEDGHUMMU, it crumbles to dust.
The creatures around you are filled with an inner flame!
It was a scroll of immolation.
As you read the scroll labelled YRINA YTOA, it crumbles to dust.
It is a scroll of brand weapon.
Your +3 spear drips with poison.
a - a +3 spear of venom (weapon)
Reach: a) +3 spear (venom)
Press: ? - help, Dir - move target, f - water moccasin
Aim: a water moccasin (inner flame, about 49% to evade your +3 spear of venom)
You reach to attack!
You closely miss the water moccasin. You barely miss the water moccasin.
Your grab misses the water moccasin. Your squeeze misses the water moccasin.
The water moccasin closely misses you.
You hit the water moccasin.
Flame seeps out of the water moccasin.
The water moccasin is poisoned.
Your grab misses the water moccasin. Your squeeze misses the water moccasin.
The water moccasin is lightly wounded.
Flame seeps out of the water moccasin.
The water moccasin is engulfed in blazing flames.
Flame seeps out of the water moccasin.
The water moccasin misses you.
The water moccasin is engulfed in blazing flames.
Flame seeps out of the water moccasin.
The water moccasin bites you.
You hit the water moccasin.
The water moccasin explodes!
The fiery explosion engulfs you!!!
Ouch! That really hurt!
You die...

######.##
#§§§....#
#@○§....#
#§.§....#
#.......#
#........
#........
#........
#........
#....$...


There were no monsters in sight!

Vanquished Creatures
  Eustachio (D:4)
  A water moccasin (D:5)
  A hound (D:4)
  4 adders
  A worm (D:2)
  An orc (D:3)
  3 bats
  3 endoplasms (D:1)
  4 giant cockroaches
  7 hobgoblins
  9 kobolds
  A quokka (D:3)
  5 ball pythons
  5 frilled lizards
  5 goblins
  5 rats
56 creatures vanquished.

Vanquished Creatures (others)
  2 orc priests (D:3)
  2 adders (D:3)
  A worm (D:2)
  An endoplasm (D:3)
  3 orcs (D:3)
  2 giant cockroaches (D:3)
  A hobgoblin (D:3)
  2 ball pythons (D:2)
  3 goblins
  2 rats (D:2)
19 creatures vanquished.

Grand Total: 75 creatures vanquished

Notes
Turn   | Place    | Note
-------+----------+-------------------------------------------
     0 | D:1      | omnomnOMINOUS the Octopode Wanderer began the quest for the
                  | Orb.
     0 | D:1      | omnomnOMINOUS set off with the following items: a +3 spear,
                  | a scroll of fear; and the following spell memorised:
                  | Sandblast; and the following spells available to memorise:
                  | Stone Arrow.
     0 | D:1      | Reached XP level 1. HP: 17/17 MP: 2/2
   119 | D:1      | Reached XP level 2. HP: 22/22 MP: 3/3
   611 | D:1      | Found a faded altar of an unknown god.
   626 | D:1      | Prayed at the altar of an unknown god.
   626 | D:1      | Became a worshipper of Jiyva Joreisaj the Shapeless
   626 | D:1      | Reached * piety under Jiyva
   894 | D:2      | Reached XP level 3. HP: 27/27 MP: 5/5
   930 | D:2      | Found a glowing golden altar of the Shining One.
   941 | D:2      | Reached skill level 1 in Dodging
   972 | D:2      | Reached ** piety under Jiyva
  1605 | D:3      | Reached *** piety under Jiyva
  1612 | D:3      | Reached XP level 4. HP: 25/33 MP: 6/6
  2259 | D:4      | Reached **** piety under Jiyva
  2264 | D:4      | Learned a level 3 spell: Stone Arrow
  2266 | D:4      | Learned a level 1 spell: Apportation
  2273 | D:4      | Found a staircase to the Ecumenical Temple.
  2287 | Temple   | Entered the Ecumenical Temple
  2406 | D:4      | Noticed Eustachio
  2446 | D:4      | HP: 1/34 [quokka[Eustachio] (1)]
  2447 | D:4      | Killed Eustachio
  2448 | D:4      | Reached skill level 1 in Conjurations
  2448 | D:4      | Reached XP level 5. HP: 2/38 MP: 6/8
  2448 | D:4      | Reached XP level 6. HP: 3/44 MP: 6/9
  2681 | D:5      | Entered Level 5 of the Dungeon
  2681 | D:5      | Noticed an ice beast
  2688 | D:5      | HP: 2/44 [ice beast (14)]
  2698 | D:5      | Noticed a water moccasin
  2705 | D:5      | Killed a water moccasin
  2705 | D:5      | Killed by an exploding water moccasin... ignited by their
                  | inner flame

Illustrated notes

Levels and vault maps discovered:
D:1:      dpeg_arrival_pits, layout_basic, ebering_ecumenical_altar_hall,
          grunt_decor_fettered
D:2:      layout_basic, basic_altar
D:3:      kennysheep_six_static_rooms, layout_loops_ring, serial_glass,
          glass_columns_a, glass_columns_b, item_on_display_a, feat_on_display,
          minmay_strange_pillars
D:4:      layout_rooms, minmay_temple_entry_nine_rooms, uniq_eustachio
D:5:      layout_rooms, kiku_gazebo_pond_becter
Temple:   nicolae_temple_bog_church

Skill      XL: |  1  2  3  4 |
---------------+-------------+-----
Dodging        | 1 2 |  2.2
Spellcasting   | 2 |  2.4
Conjurations   | 1 |  1.2
Earth Magic    | 3 |  3.2
Fighting       | |  4.7
Polearms       | |  3.9

Action                     |  1- 3 |  4- 6 || total
---------------------------+-------+-------++-------
  Melee: Spear             |    75 |    80 ||   155
         Constrict         |    10 |    15 ||    25
         Tentacles         |     8 |    11 ||    19
    Use: Scroll            |       |     4 ||     4
         Potion            |       |     3 ||     3
   Stab: Sleeping          |    16 |     7 ||    23
 Armour: Skin              |    16 |    50 ||    66
  Dodge: Dodged            |    31 |    56 ||    87

Table legend: (Time is in decaauts)
 A = Elapsed time spent in this place.
 B = Non-inter-level travel time spent in this place.
 C = Inter-level travel time spent in this place.
 D = Time resting spent in this place.
 E = Time spent auto-exploring this place.
 F = Levels seen in this place.
 G = Mean time per level.
                   A        B        C        D        E       F      G
               +--------+--------+--------+--------+--------+-----+--------+
         Total |   2692 |   2618 |     74 |     29 |   2149 |   6 |  448.7 |
       Dungeon |   2691 |   2617 |     74 |     29 |   2149 |   5 |  538.2 |
        Temple |      1 |      1 |      0 |      0 |      0 |   1 |    1.0 |
               +--------+--------+--------+--------+--------+-----+--------+

Top non-repeatable levels by time:
     D:2: 841 daAuts
     D:1: 711 daAuts
     D:3: 584 daAuts
     D:4: 530 daAuts
     D:5: 23 daAuts
  Temple: 1 daAuts
